Unix NetHack Version 5.0.0-0 post-release - last build May 31 2026 23:59:36 (970b52f25bf058293b47ddfd14a1e40e571c508c,branch:main).

Game began 2026-06-08 00:27:37, ended 2026-06-08 10:39:15.

Drastanta, lawful male human Samurai

               #)G###############################         ------------
               e-rd-----------------------------#         |.<........|
                |n.............................|#         |..........|
                |.-----..---------...--+------.|#        #-..........|
                |.|...-..|    ...|...|  |....|.|#        #|..........|
                |.|...|..+     ..|...|    ...|.|#       ##|..........|
                |.|...|..|------|-...------|--.|#   ##### -----.-|----
                |.|-----.|%%|..|....)..........|#   #            ##
                |.|....-.|%.|..|...............|#   #             #
                |.|._..|.|..|-|-..{.)..........|# ###             #
                |.|....|.-|--..................|# #               #
                |.|*...|......--)----.-|------.|# #           --.-.---
                |.|----------||..|  |.|...|((|.|# #           .....>.|
                |.-.%%|.{|....|[+|  +.|(((|((|..#########0    |......|
                |.|.%%|..|....|%[|---.|([(|..|.|#######       |......|
                |.------|---------.{..------|-..#     ########...^...|
                |..............................|              --------
                --------------------------------

Drastanta the Ninja    St:18 Dx:15 Co:18 In:9 Wi:7 Ch:9  Lawful
Dlvl:6  $:36 HP:0(56) Pw:20(20) AC:1  Xp:6 T:2223  Burdened

Latest messages:
 Hachi bites the water nymph.
 The water nymph stole a cursed stone called Not Load.
 The water nymph vanishes!
 You swap places with Hachi.
 You hear a slow drip.
 The giant rat misses!
 You kill the giant rat!
 The giant rat misses!
 The giant rat attacks a spot beside you.
 Hachi bites the giant rat.
 The giant rat is killed!
 You swap places with Hachi.
 You hear the chime of a cash register.
 You hear a door open.
 You hear someone praising Raijin.
 You miss the floating eye.
 You are frozen by the floating eye's gaze!
 You hear crashing rock.
 You hear someone cursing shoplifters.
 It is missed.
 The dart hits Hachi.
 You hear some noises.
 It is missed.
 It is hit.
 It is missed.
 It is hit.
 It is missed.
 The dart misses Hachi.
 A dart misses you.
 It is missed.
 The dart hits Hachi.
 It is missed.
 The dart hits Hachi.
 The gnome king hits!
 The gnome king misses!
 The gnome king hits!
 The gnome king hits!
 The gnome king hits!
 The gnome king hits!
 The rock mole bites!
 The gnome king hits!
 The rock mole bites!
 The gnome king hits!
 The rock mole bites!
 You die...
 Do you want your possessions identified? [ynq] (y) y
 Do you want to see your attributes? [ynq] (y) n
 Do you want an account of creatures vanquished? [ynaq] (y) n
 Do you want to see your conduct and achievements? [ynq] (y) n
 Do you want to see the dungeon overview? [ynq] (y) n

Inventory:
 Coins    ('$')
  $ - 36 gold pieces
 Weapons  (')')
  d - 27 +0 ya (in quiver)
  c - a +0 yumi (alternate weapon; not wielded)
  a - a +0 katana (weapon in right hand)
  b - a +0 wakizashi
 Armor    ('[')
  r - an uncursed +0 pair of iron shoes (being worn)
  A - an uncursed +0 cloak of invisibility (being worn)
  K - a cursed -1 cloak of protection
  e - an uncursed rustproof +0 splint mail (being worn)
 Comestibles  ('%')
  M - 6 uncursed gunyoki
  N - 2 uncursed tripe rations
 Scrolls  ('?')
  v - 2 uncursed scrolls of blank paper
  h - an uncursed scroll of confuse monster
  O - an uncursed scroll of enchant armor
  g - an uncursed scroll of fire
  Q - an uncursed scroll of identify
  P - an uncursed scroll of light
  u - a cursed scroll of remove curse
 Potions  ('!')
  S - an uncursed potion of full healing
  o - an uncursed potion of healing
  T - an uncursed potion of levitation
  z - an uncursed potion of oil
  U - an uncursed potion of sake
  w - an uncursed potion of water
 Rings    ('=')
  W - an uncursed ring of fire resistance
  V - an uncursed ring of poison resistance
  X - an uncursed ring of teleport control
 Wands    ('/')
  y - a wand of light (0:15)
  D - a wand of slow monster (0:3)
 Tools    ('(')
  F - an empty cursed bag of holding
  E - an empty cursed oilskin sack
  Y - an empty uncursed sack
  f - an uncursed blindfold
  s - an uncursed magic whistle
  G - an uncursed skeleton key
  l - an uncursed tallow candle
  x - an uncursed towel
  p - 2 uncursed wax candles

Drastanta the Samurai's attributes:

Background:
 You were a Ninja, a level 6 male human Samurai.
 You were lawful, on a mission for Amaterasu Omikami
 who was opposed by Raijin (neutral) and Susanowo (chaotic).
 You were right-handed.
 You were in the Gnomish Mines, on level 6.
 You entered the dungeon 2223 turns ago.
 You had 633 experience points, 7 more were needed to attain level 7.

Basics:
 You had 0 out of 56 hit points.
 You had all 20 energy points (spell power).
 Your armor class was 1.
 Your wallet contained 36 zorkmids.
 Autopickup was on for '$' plus thrown.

Final Characteristics:
 Your strength was 18 (limit:18/100).
 Your dexterity was 15 (limit:18).
 Your constitution was 18 (limit:18).
 Your intelligence was 9 (limit:18).
 Your wisdom was 7 (limit:18).
 Your charisma was 9 (limit:18).

Final Status:
 You weren't hungry.
 You were burdened; movement was slightly slowed.
 You were wielding a long sword.
 You had basic skill with long sword and could have enhanced that.

Final Attributes:
 You were piously aligned.
 You were invisible.
 You were warded.
 You were fast.
 You are dead.

Miscellaneous:
 You encountered 1 bones level.
 Total elapsed playing time was 23 minutes and 1 second.

Major events:
 Turn
    1: Drastanta the lawful male human Samurai entered the dungeon
  407: entered the Gnomish Mines
  439: attained the rank of Ronin (level 3)
  961: reached Mine Town
 1072: attained the rank of Ninja (level 6)
 2223: killed by a rock mole, while frozen by a floating eye's gaze

You didn't know any spells.

Skills:
 Fighting Skills
   martial arts      [Basic]
   two weapon combat [Unskilled]
   riding            [Unskilled]
 Weapon Skills
   dagger            [Unskilled]
   knife             [Unskilled]
   short sword       [Basic]
   broadsword        [Unskilled]
   long sword        [Basic]
   two-handed sword  [Unskilled]
   saber             [Unskilled]
   flail             [Unskilled]
   quarterstaff      [Unskilled]
   polearms          [Unskilled]
   spear             [Unskilled]
   lance             [Unskilled]
   bow               [Basic]
   shuriken          [Unskilled]
 Spellcasting Skills
   attack spells     [Unskilled]
   divination spells [Unskilled]
   clerical spells   [Unskilled]

Voluntary challenges:
 Character rerolling was not enabled.
 You never genocided any monsters.
 You never polymorphed an object.
 You never changed form.
 You used no wishes.
Achievements:
 You entered the Gnomish Mines.
 You attained the rank of Ronin.
 You entered Minetown.
 You entered a temple.
 You entered a shop.
 You attained the rank of Ninja.

 The Dungeons of Doom: levels 1 to 3
    Level 1:
       A fountain.
    Level 2:
       Some fountains.
       Stairs down to The Gnomish Mines.
    Level 3:
 The Gnomish Mines: levels 3 to 7
    Level 3:
    Level 4:
    Level 5:
       Final resting place for
          Jobair-Arc-Dwa-Fem-Law, killed by a giant bat.
    Level 6: <- You were here.
       Many shops, a temple and an altar, some fountains, a sink.
       Final resting place for
          you, killed by a rock mole, while frozen by a floating eye's gaze.
    Level 7:


Vanquished creatures:
  a ghost
  a large mimic
  a small mimic
  a large dog
  5 gnome leaders
  2 gnomish wizards
  a paper golem
  a giant ant
  2 dwarves
  a kobold leader
  2 rabid rats
  a centipede
  a giant bat
  2 monkeys
  a hobbit
  a hobgoblin
  2 giant rats
  a green mold
 29 gnomes
  a gecko
  4 jackals
  a fox
  a sewer rat
  3 lichens
  4 newts
70 creatures vanquished.

No species were genocided or became extinct.

Game over:
                       ----------
                      /          \
                     /    REST    \
                    /      IN      \
                   /     PEACE      \
                  /                  \
                  |    Drastanta     |
                  |      36 Au       |
                  | killed by a rock |
                  |       mole       |
                  |                  |
                  |                  |
                  |       2026       |
                 *|     *  *  *      | *
        _________)/\\_//(\/(/\)/\//\/|_)_______

Sayonara Drastanta the Samurai...

You died in The Gnomish Mines on dungeon level 6 with 2885 points,
and 36 pieces of gold, after 2223 moves.
You were level 6 with a maximum of 56 hit points when you died.

